 Dungeon Crawl Stone Soup version 0.29-a0-517-gbdf32494f2 (webtiles) character file.

Game seed: 7277087728845908982

159 NateTC the Skirmisher (level 5, -2/54 HPs)
             Began as a Troll Gladiator on May 30, 2022.
             Slain by an orc
             ... wielding a +0 whip
              (4 damage)
             ... on level 3 of the Dungeon.
             The game lasted 00:10:02 (1750 turns).

NateTC the Skirmisher (Troll Gladiator)             Turns: 1750, Time: 00:10:02

Health: -2/54      AC:  4    Str: 24    XL:     5   Next: 17%
Magic:  4/4        EV: 10    Int:  4    God:
Gold:   134        SH:  0    Dex: 11    Spells: 4/4 levels left

rFire   . . .      SeeInvis .     - Unarmed
rCold   . . .      Faith    .   (no shield)
rNeg    . . .      Spirit   .   a - +0 robe
rPois   .          Reflect  .   b - +0 hat
rElec   .          Harm     .   (no cloak)
rCorr   .          Rampage  .   (gloves unavailable)
Will    .....                   (boots unavailable)
Stlth   +.........              (no amulet)
HPRegen 0.98/turn               (no ring)
MPRegen 0.09/turn               (no ring)

@: confused, mighty
A: large, unfitting armour, claws 3, regeneration 1, shaggy fur 1, tough skin 1
a: no special abilities


You were on level 3 of the Dungeon.
You visited 1 branch of the dungeon, and saw 3 of its levels.

You collected 134 gold pieces.

Inventory:

Missiles
 c - 3 throwing nets (quivered)
 d - a large rock
Armour
 a - a +0 robe (worn)
 b - a +0 hat (worn)
Jewellery
 n - a ring of protection from fire
Scrolls
 e - a scroll of enchant weapon
Potions
 f - a potion of degeneration
 g - a potion of magic
 m - a potion of attraction


   Skills:
 * Level 3.8 Fighting
 - Level 2.2 Throwing
 - Level 2.4 Dodging
 - Level 3.7 Unarmed Combat


You had 4 spell levels left.
You didn't know any spells.
Your spell library contained the following spells:

 Spells                   Type           Power      Damage    Failure   Level
 Animate Dead             Necr           0%         N/A       99%         4
 Borgnjor's Vile Clutch   Necr/Erth      0%         N/A       100%        5
 Fireball                 Conj/Fire      0%         3d3       100%        5
 Iskenderun's Battlesphe  Conj           0%         2d6       100%        5
 Conjure Ball Lightning   Conj/Air       0%         3x3d6     100%        6
 Death Channel            Necr           0%         N/A       100%        6
 Orb of Destruction       Conj           0%         9d5       100%        7


Dungeon Overview and Level Annotations

Branches:
Dungeon (3/15)

Altars:


Innate Abilities, Weirdness & Mutations

You are too large for most types of armour.
You have claws for hands.
Your natural rate of healing is unusually fast.
You are covered in fur. (AC +1)
You have tough skin. (AC +1)


Message History

You feel less confused. Something hits you.
* * * LOW HITPOINT WARNING * * *
The orc closely misses you.
Okay, then.
You scratch something. The orc barely misses you. Something hits you.
* * * LOW HITPOINT WARNING * * *
You claw something! The orc barely misses you.
Something hits you but does no damage.
You completely miss something. You miss something. Your claw misses something.
The orc hits you but does no damage. Something hits you.
* * * LOW HITPOINT WARNING * * *
You miss something. The orc hits you with a +0 whip.
* * * LOW HITPOINT WARNING * * *
You hear some strange, mumbled words.
A puff of flame appears from out of thin air!
The puff of flame hits you!
* * * LOW HITPOINT WARNING * * *
You barely miss something. Something hits you.
* * * LOW HITPOINT WARNING * * *
The orc barely misses you.
You scratch the orc.
The orc is lightly wounded.
Something hits you but does no damage. The orc barely misses you.
It was a potion of might.
You feel very mighty all of a sudden. The orc misses you.
You hear some strange, mumbled words.
You are confused.
You bump into the rock wall.
Something hits you.
* * * LOW HITPOINT WARNING * * *
The orc barely misses you.
You bump into the rock wall.
You hear some strange, mumbled words.
You are more confused.
The orc hits you with a +0 whip.
* * * LOW HITPOINT WARNING * * *
You closely miss something. The orc hits you with a +0 whip.
You die...

#.##
#.#.########.#..
...
#.#.#......#.##.
#.####.#.#......#.#
.
#......#.#......'.#
.
#......#.#......###
. #......#.#......#
#......#.#......#
####{#...#......#
#@##............
#o##...#####..##
#{##..## ####
.g.#..# .....
...#.## ....
....#.# ......#
###.... ##.


You could see an orc and a hobgoblin.

Vanquished Creatures
  Jessica (D:2)
  An orc wizard (D:3)
  Robin (D:2)
  3 gnolls (D:2)
  2 adders (D:2)
  2 worms (D:2)
  A dart slug (D:2)
  5 endoplasms
  11 goblins
  5 hobgoblins
  8 kobolds
  3 quokkas
  3 ball pythons
  5 bats
  2 frilled lizards (D:2)
  5 rats (D:1)
58 creatures vanquished.

Notes
Turn   | Place    | Note
-------+----------+-------------------------------------------
     0 | D:1      | NateTC the Troll Gladiator began the quest for the Orb.
     0 | D:1      | Reached XP level 1. HP: 19/19 MP: 0/0
   298 | D:1      | Reached XP level 2. HP: 27/27 MP: 1/1
  1086 | D:2      | Reached XP level 3. HP: 35/35 MP: 2/2
  1164 | D:2      | Noticed Robin
  1186 | D:2      | Killed Robin
  1229 | D:2      | Reached XP level 4. HP: 44/44 MP: 3/3
  1472 | D:2      | Noticed Jessica
  1475 | D:2      | Killed Jessica
  1476 | D:2      | Reached XP level 5. HP: 49/54 MP: 4/4
  1744 | D:3      | HP: 2/54 [something/puff of flame (8)]
  1749 | D:3      | HP: 1/54 [orc/+0 whip (3)]
  1750 | D:3      | Slain by an orc

Illustrated notes

Levels and vault maps discovered:
D:1:      kennysheep_arrival_seaside, layout_loops_ring
D:2:      layout_loops_cross, minmay_pentomino_x2, uniq_robin, uniq_jessica
D:3:      layout_basic, gammafunk_ghost_icy, minmay_randomly_rotated_circles

Skill      XL: |  1  2  3  4 |
---------------+-------------+-----
Throwing       | 2 |  2.2
Fighting       | 2 3 |  3.8
Dodging        | |  2.4
Unarmed Combat | |  3.7

Action                   |  1- 3 |  4- 6 || total
-------------------------+-------+-------++-------
Melee: Unarmed           |   104 |    38 ||   142
       Punch             |     2 |       ||     2
  Use: Scroll            |       |     8 ||     8
       Potion            |       |     2 ||     2
Armor: Robe              |    37 |    22 ||    59
Dodge: Dodged            |    44 |    25 ||    69

Table legend: (Time is in decaauts)
 A = Elapsed time spent in this place.
 B = Non-inter-level travel time spent in this place.
 C = Inter-level travel time spent in this place.
 D = Time resting spent in this place.
 E = Time spent auto-exploring this place.
 F = Levels seen in this place.
 G = Mean time per level.
                   A        B        C        D        E       F      G
               +--------+--------+--------+--------+--------+-----+--------+
         Total |   1742 |   1674 |     68 |    245 |    467 |   3 |  580.7 |
       Dungeon |   1742 |   1674 |     68 |    245 |    467 |   3 |  580.7 |
               +--------+--------+--------+--------+--------+-----+--------+

Top non-repeatable levels by time:
     D:1: 1000 daAuts
     D:2: 670 daAuts
     D:3: 71 daAuts
